 Dungeon Crawl Stone Soup version 0.25-a0-290-g4a1327ee3a (webtiles) character file.

Game seed: 1253368917691300466, levelgen mode: deterministic

570 floatRand the Ducker (level 7, 0/71 HPs)
             Began as an Ogre Gladiator on Dec 14, 2019.
             Slain by a bullfrog skeleton (3 damage)
             ... on level 5 of the Dungeon.
             The game lasted 00:04:22 (4002 turns).

floatRand the Ducker (Ogre Gladiator)               Turns: 4002, Time: 00:04:23

Health: 0/71       AC:  3    Str: 20    XL:     7   Next: 34%
Magic:  7/7        EV: 11    Int:  9    God:
Gold:   117        SH:  0    Dex: 11    Spells: 6/6 levels left

rFire    . . .     SeeInvis .   e - +0 giant club (curse)
rCold    . . .     Gourm    .   (shield currently unavailable)
rNeg     . . .     Faith    .   b - +0 robe
rPois    .         Spirit   .   c - +0 hat
rElec    .         Reflect  .   (no cloak)
rCorr    .         Harm     .   (gloves unavailable)
MR       .....                  (boots unavailable)
Stlth    +.........             (no amulet)
HPRegen  0.21/turn              o - ring of stealth
MPRegen  0.10/turn              p - ring of attention (curse)

@: no status effects
A: large, unfitting armour, tough skin 1
a: no special abilities


You were on level 5 of the Dungeon.
You were not hungry.

You visited 1 branch of the dungeon, and saw 4 of its levels.

You collected 117 gold pieces.

Inventory:

Hand Weapons
 a - a +0 flail
 e - a cursed +0 giant club (weapon)
Missiles
 d - 2 throwing nets (quivered)
Armour
 b - a +0 robe (worn)
 c - a +0 hat (worn)
 g - a +0 shield
Jewellery
 o - a ring of stealth (left hand)
 p - a cursed ring of attention (right hand)
Scrolls
 i - a scroll of noise {unknown}
 k - a scroll of remove curse {unknown}
Potions
 h - a potion of haste
 j - 3 potions of lignification
 l - 2 potions of curing {unknown}
 m - 2 potions of agility {unknown}
 n - a potion of degeneration {unknown}
Comestibles
 f - 4 rations


   Skills:
 + Level 4.6 Fighting
 + Level 4.8 Maces & Flails
 - Level 2.0 Throwing
 + Level 4.8 Dodging
 - Level 2.7 Shields


You had 6 spell levels left.
You didn't know any spells.
Your spell library was empty.

Dungeon Overview and Level Annotations

Branches:
Dungeon (3/15)

Altars:

Annotations:
D:2 1 runed translucent door, Crazy Yiuf


Innate Abilities, Weirdness & Mutations

You are too large for most types of armour.
You have tough skin. (AC +1)


Message History

The jackal is heavily wounded.
The jackal closely misses you.
You bludgeon the jackal!!
You kill the jackal!
You feel yourself slow down. The jackal closely misses you.
Items here: ) [ †† a +0 dagger; a +0 robe; a jackal corpse; an orc corpse You closely miss the jackal.
The jackal bites you but does no damage.
The jackal completely misses you.
You closely miss the jackal. The jackal bites you.
* * * LOW HITPOINT WARNING * * *
You barely miss the jackal. The jackal bites you.
* * * LOW HITPOINT WARNING * * *
The jackal bites you but does no damage.
You bludgeon the jackal!!
You kill the jackal!
The bullfrog skeleton hits you.
You die...

...##.#
....[ ....
#.. #.# #(#
#.# #Z# #@#
#.#
.#####.####
#(........#
...........#
##.........#
#.........#
#.........#
#.........#


You could see a bullfrog skeleton.

Vanquished Creatures
  Grinder (D:3)
  A sky beast (D:5)
  An ogre (D:3)
  2 orc wizards
  Robin (D:2)
  3 adders (D:3)
  3 worms
  A dart slug (D:3)
  2 leopard geckos (D:2)
  6 orcs
  2 ball pythons (D:1)
  4 giant cockroaches
  13 goblins
  14 hobgoblins
  11 jackals
  A quokka (D:2)
  3 bats (D:1)
  3 frilled lizards
  A kobold (D:1)
  7 rats
80 creatures vanquished.

Notes
Turn   | Place    | Note
-------+----------+-------------------------------------------
     0 | D:1      | floatRand the Ogre Gladiator began the quest for the Orb.
     0 | D:1      | Reached XP level 1. HP: 22/22 MP: 1/1
   377 | D:1      | Reached XP level 2. HP: 9/29 MP: 2/2
   740 | D:1      | Reached skill level 1 in Shields
  1250 | D:1      | Reached XP level 3. HP: 36/36 MP: 3/3
  2018 | D:2      | Noticed Robin
  2026 | D:2      | Killed Robin
  2026 | D:2      | Reached XP level 4. HP: 35/44 MP: 4/4
  2502 | D:2      | Found a runed translucent door.
  2503 | D:2      | Noticed Crazy Yiuf
  2786 | D:3      | HP: 2/44 [poisoned by an adder]
  2794 | D:3      | HP: 1/44 [poisoned by an adder]
  3061 | D:3      | Reached XP level 5. HP: 31/50 MP: 5/5
  3243 | D:3      | Noticed an ogre
  3253 | D:3      | Killed an ogre
  3326 | D:3      | Reached XP level 6. HP: 59/59 MP: 6/6
  3399 | D:3      | Noticed Grinder
  3411 | D:3      | Killed Grinder
  3411 | D:3      | Reached XP level 7. HP: 14/70 MP: 7/7
  3942 | D:3      | You fall into a shaft and drop 2 floors!
  3942 | D:5      | Entered Level 5 of the Dungeon
  4001 | D:5      | HP: 3/71 [jackal (1)]
  4002 | D:5      | Slain by a bullfrog skeleton

Levels and vault maps discovered:
D:1:      dpeg_arrival_water_fire, layout_basic
D:2:      layout_loops_ring, first_ration, uniq_robin, uniq_crazy_yiuf_cottage
D:3:      layout_loops_ring, lemuel_doored_altar, uniq_grinder
D:5:      layout_rooms, basic_altar

Skill      XL: |  1  2  3  4  5  6 |
---------------+-------------------+-----
Shields        | 1 2 |  2.7
Dodging        | 3 4 |  4.8
Maces & Flails | 3 4 |  4.8
Fighting       | 4 |  4.6
Throwing       | |  2.0

Action                   |  1- 3 |  4- 6 |  7- 9 || total
-------------------------+-------+-------+-------++-------
Melee: Flail             |   152 |    81 |       ||   233
       Giant club        |       |    18 |    54 ||    72
Throw: Throwing net      |       |     1 |       ||     1
  Use: Potion            |       |     1 |     1 ||     2
       Scroll            |       |     3 |       ||     3
  Eat: Chunk             |     2 |     3 |     2 ||     7
       Ration            |       |     1 |       ||     1
Armor: Robe              |    54 |    16 |    24 ||    94
Dodge: Dodged            |    60 |    33 |    46 ||   139
Block: Shield            |    64 |    24 |       ||    88

Table legend:
 A = Non-vault XP
 B = Vault XP
 C = Vault XP percentage of total XP
 D = Non-vault monster count
 E = Vault monster count
 F = Vault count percentage of total count
                 A         B        C        D         E       F
            +---------+---------+-------+---------+---------+-------
      Total |     483 |     332 |  40.7 |      66 |      14 |  17.5
            +---------+---------+-------+---------+---------+-------
        D:1 |      36 |       3 |   7.7 |      23 |       2 |   8.0
        D:2 |      27 |      34 |  55.7 |      12 |      11 |  47.8
        D:3 |     240 |     295 |  55.1 |      22 |       1 |   4.3
        D:5 |     180 |       0 |   0.0 |       9 |       0 |   0.0
            +---------+---------+-------+---------+---------+-------
